 Dungeon Crawl Stone Soup version 0.29.1-15-g9cfb28693d (webtiles) character file.

Game seed: 14819951756149426131

6771 kingofthe the Jinx (level 10, -2/50 HPs)
             Began as a Deep Elf Conjurer on Feb 26, 2023.
             Was a Believer of Vehumet.
             Slain by a komodo dragon (10 damage)
             ... on level 10 of the Dungeon.
             The game lasted 00:33:53 (11843 turns).

kingofthe the Jinx (Deep Elf Conjurer)             Turns: 11843, Time: 00:33:54

Health: -2/50      AC:  7    Str:  4    XL:     10   Next: 76%
Magic:  15/25      EV: 21    Int: 24    God:    Vehumet [**....]
Gold:   585        SH:  4    Dex: 17    Spells: 18/28 levels left

rFire   . . .      SeeInvis .   o - +1 dagger (venom)
rCold   . . .      Faith    .   f - +0 buckler
rNeg    . . .      Spirit   .   C - +0 robe {Archmagi}
rPois   .          Reflect  .   (no helmet)
rElec   .          Harm     .   (no cloak)
rCorr   .          Rampage  .   h - +0 pair of gloves
Will    +....      Archmagi +   (no boots)
Stlth   ++++......              y - amulet of regeneration
HPRegen 0.96/turn               T - +4 ring of protection
MPRegen 0.19/turn               E - +4 ring of evasion

@: no status effects
A: no striking features
a: Renounce Religion


You were on level 10 of the Dungeon.
You worshipped Vehumet.
Vehumet was pleased with you.
You visited 2 branches of the dungeon, and saw 11 of its levels.
You also visited: Sewer.

You collected 585 gold pieces.


   Skills:
 + Level 9.0 Dodging
 - Level 9.2 Stealth
 + Level 9.6 Spellcasting
 + Level 8.4 Conjurations
 * Level 10.3 Hexes
 - Level 2.0 Air Magic
 - Level 4.1 Poison Magic


You had 18 spell levels left.
You knew the following spells:

 Your Spells              Type           Power      Damage    Failure   Level
a - Magic Dart            Conj           100%       1d8       1%          1
b - Searing Ray           Conj           100%       2d8       1%          2
c - Poisonous Vapours     Pois/Air       78%        N/A       3%          2
d - Fulminant Prism       Conj/Hex       35%        3d18      1%          4
e - Freeze                Ice            68%        1d8       8%          1

Your spell library contained the following spells:

 Spells                   Type           Power      Damage    Failure   Level
 Static Discharge         Conj/Air       53%        3-10/arc  1%          2
 Dazzling Flash           Conj/Hex       100%       N/A       1%          3
 Sting                    Tmut/Pois      100%       1d8       3%          1
 Iskenderun's Mystic Bla  Conj/Tloc      47%        2d10      13%         4
 Olgreb's Toxic Radiance  Pois           47%        N/A       14%         4

Inventory:

Hand Weapons
 o - a +1 dagger of venom (weapon)
 t - a +2 vorpal trident
Armour
 a - a +0 robe
 f - a +0 buckler (worn)
 h - a +0 pair of gloves (worn)
 C - a +0 robe of the Archmagi (worn)
Jewellery
 y - an amulet of regeneration (around neck)
 E - a +4 ring of evasion (right hand)
 T - a +4 ring of protection (left hand)
Wands
 q - a wand of charming (4)
 s - a wand of roots (7)
 w - a wand of digging (5)
 B - a wand of light (4)
 J - a wand of polymorph (4)
 K - a wand of mindburst (6)
Scrolls
 e - 5 scrolls of vulnerability
 g - 5 scrolls of identify {@r1}
 i - a scroll of enchant armour {unknown}
 j - 2 scrolls of teleportation {@r2}
 k - a scroll of acquirement {unknown}
 l - a scroll of brand weapon {unknown}
 m - a scroll of summoning
 n - 2 scrolls of poison {unknown}
 x - a scroll of blinking {unknown}
 A - 5 scrolls of noise
 D - 5 scrolls of fog {unknown}
 G - 4 scrolls of magic mapping {unknown}
 H - a scroll of fear {unknown}
Potions
 b - a potion of magic
 c - 3 potions of curing {@q1}
 d - 2 potions of attraction {unknown}
 p - 3 potions of heal wounds {@q2}
 r - a potion of berserk rage {unknown}
 u - 2 potions of might
 v - a potion of cancellation {unknown}
 z - a potion of lignification
 F - 2 potions of haste {@q3}
 I - 5 potions of flight

Dungeon Overview and Level Annotations

Branches:
Dungeon (10/15)            Temple (1/1) D:7            Lair (0/5) D:8
    Orc (0/2) D:10          Sewer (visited)

Altars:
Ashenzari
Cheibriados
Dithmenos
Elyvilon
Fedhas
Kikubaaqudgha
Makhleb
Nemelex Xobeh
Okawaru
Qazlal
Ru
Trog
Uskayaw
Vehumet
Wu Jian
Xom
Yredelemnul
Zin
The Shining One

Shops:
D:3 *

Annotations:
D:3 3 runed translucent doors, zeram's ghost, amateur GnSu
D:10 Grum

#.# ... #.# #.# #.#
#.# #.# #.# #.#
##'## #.# ##...#
#.### ##.....
####.#.## ##......
#.@.....####......>
#l##.......'.......
#. #....##.#.<.....
#. #....##.##......
#. #....##.###.....
#. ##...##.# ##...#
#. ....##.# ##+##
## ##..###.# #...
..#


You could see a komodo dragon (very poisoned).


Message History

The searing ray hits the komodo dragon!
The komodo dragon is moderately wounded.
The searing ray hits the komodo dragon!
The komodo dragon is heavily wounded.
The searing ray hits the komodo dragon.
The komodo dragon is heavily wounded.
You finish channelling your searing ray.
The komodo dragon bites you!!
Casting: Searing Ray (safe; 1% risk of failure)
Confirm with . or Enter, or press ? or * to list all spells.
Aiming: Searing Ray (safe; 1% risk of failure)
Press: ? - help, Shift-Dir - straight line, f/p - komodo dragon
Aim: a komodo dragon (heavily wounded, very poisoned, 87% to hit)
You feel a surge of power!
The searing ray hits the komodo dragon!
The komodo dragon is severely wounded. (Press . to maintain the ray.)
The komodo dragon completely misses you.
The searing ray hits the komodo dragon but does no damage.
The komodo dragon is severely wounded.
The komodo dragon barely misses you.
The searing ray misses the komodo dragon.
The komodo dragon bites you!!
Ouch! That really hurt!
* * * LOW HITPOINT WARNING * * *
The searing ray hits the komodo dragon.
The komodo dragon is severely wounded.
You finish channelling your searing ray.
The komodo dragon barely misses you. The komodo dragon bites you!
You die...

Skill      XL: |  1  2  3  4  5  6  7  8  9 10 |
---------------+-------------------------------+-----
Stealth        | 3 4 5 6 8 9 |  9.2
Dodging        | 3 4 5 6 8 9 |  9.0
Spellcasting   | 4 5 6 7 8 9 |  9.6
Conjurations   | 5 6 7 8 |  8.4
Poison Magic   | 2 3 4 |  4.1
Hexes          | 1 5 8 10 | 10.3
Air Magic      | 1 2 |  2.0

Action                   |  1- 3 |  4- 6 |  7- 9 | 10-12 || total
-------------------------+-------+-------+-------+-------++-------
Melee: Unarmed           |     3 |       |       |       ||     3
       Dagger            |       |       |     5 |     4 ||     9
 Cast: Magic Dart        |    73 |    85 |   150 |    28 ||   336
       Searing Ray       |     8 |    18 |    52 |    17 ||    95
       Poisonous Vapours |       |       |    55 |    40 ||    95
       Fulminant Prism   |       |       |     5 |     5 ||    10
       Freeze            |       |       |     1 |       ||     1
  Use: Scroll            |       |       |     8 |       ||     8
Armor: Robe              |     2 |     4 |    23 |     9 ||    38
Dodge: Dodged            |    11 |     7 |    66 |    46 ||   130
Block: Buckler           |     1 |     1 |    15 |     6 ||    23

Levels and vault maps discovered:
D:1:      dpeg_arrival_solitude, layout_basic,
          hellmonk_ecumenical_altar_watching_god
D:2:      layout_rooms, serial_bayou_pond_d
D:3:      layout_basic, overflow_temple_1_default, serial_shops,
          nicolae_shop_overgrown_old_shop, ebering_ghost_rock_garden,
          minivault_4
D:4:      layout_loops_ring, nicolae_overflow_two_pavilions, minmay_unequal,
          uniq_blork_the_orc, uniq_ijyb
D:5:      layout_gridville, old_standard_altar
D:6:      layout_loops_ring, portal_sewer_entry_b
D:7:      layout_loops_corners, nicolae_dithmenos_shadow_blocks, temple_green
D:8:      layout_rooms, mainiacjoe_overflow_big_doors, erik_lair_orcish_takeover
D:9:      layout_gridville, chequers_temple_overflow_statue_of_worship,
          mainiacjoe_overflow_divided_tiny
D:10:     layout_loops_corners, nicolae_sif_muna_little_library,
          nicolae_hepliaklqana_hippocampus, nicolae_overflow_hidden_temple,
          david_orc_3, uniq_grum
Temple:   nicolae_temple_little_seven

Notes
Turn   | Place    | Note
-------+----------+-------------------------------------------
     0 | D:1      | kingofthe the Deep Elf Conjurer began the quest for the
                  | Orb.
     0 | D:1      | Reached XP level 1. HP: 10/10 MP: 6/6
   254 | D:1      | Reached XP level 2. HP: 15/15 MP: 4/8
   303 | D:1      | Learned a level 2 spell: Searing Ray
   304 | D:1      | Noticed a shining eye
   306 | D:1      | Found a faded altar of an unknown god.
   335 | D:1      | Noticed a golden eye
   335 | D:1      | Noticed a floating eye
   335 | D:1      | Noticed an eye of devastation
   519 | D:1      | Reached skill level 3 in Stealth
   950 | D:2      | Reached skill level 3 in Dodging
  1059 | D:1      | Reached XP level 3. HP: 19/19 MP: 7/10
  1810 | D:3      | Found a runed translucent gate.
  1810 | D:3      | Found a runed translucent gate.
  1811 | D:3      | Found a runed translucent gate.
  1812 | D:3      | Noticed zeram's ghost (amateur GnSu)
  1871 | D:3      | Reached skill level 4 in Spellcasting
  1871 | D:3      | Reached skill level 5 in Conjurations
  1871 | D:3      | Reached XP level 4. HP: 21/24 MP: 2/12
  2087 | D:3      | Found Kiwneg's Assorted Antiques.
  2278 | D:3      | Found a broken altar of Ashenzari.
  2630 | D:4      | Reached XP level 5. HP: 28/28 MP: 9/13
  2741 | D:4      | Noticed Ijyb
  2763 | D:4      | Killed Ijyb
  2764 | D:4      | Reached skill level 4 in Stealth
  2858 | D:4      | Noticed Blork the orc
  2870 | D:4      | Killed Blork the orc
  2871 | D:4      | Reached skill level 4 in Dodging
  2991 | D:4      | Found a sacrificial altar of Ru.
  2991 | D:4      | Found a hide-covered altar of Uskayaw.
  3070 | D:4      | Reached XP level 6. HP: 18/32 MP: 11/15
  3137 | D:4      | Reached skill level 5 in Spellcasting
  3267 | D:4      | Learned a level 2 spell: Poisonous Vapours
  3852 | D:5      | Entered Level 5 of the Dungeon
  4197 | D:5      | Reached skill level 1 in Poison Magic
  4450 | D:5      | Found a burning altar of Makhleb.
  4840 | D:6      | Reached skill level 5 in Dodging
  4840 | D:6      | Reached skill level 5 in Stealth
  4840 | D:6      | Reached skill level 2 in Poison Magic
  4840 | D:6      | Reached XP level 7. HP: 36/36 MP: 11/17
  4912 | D:6      | Identified a +0 robe of the Archmagi
  4925 | D:6      | Reached skill level 6 in Conjurations
  5056 | D:6      | Learned a level 4 spell: Fulminant Prism
  5183 | D:6      | Reached skill level 1 in Hexes
  5183 | D:6      | Reached skill level 3 in Poison Magic
  5260 | D:6      | Reached skill level 6 in Spellcasting
  5260 | D:6      | Reached skill level 1 in Air Magic
  5426 | D:6      | Found a glowing drain.
  5435 | Sewer    | Entered a sewer
  5444 | Sewer    | Reached XP level 8. HP: 41/41 MP: 11/19
  5978 | Sewer    | Reached skill level 2 in Hexes
  6137 | Sewer    | Reached skill level 4 in Poison Magic
  6248 | Sewer    | Reached skill level 6 in Dodging
  6705 | D:6      | Reached skill level 6 in Stealth
  6914 | D:6      | Reached skill level 3 in Hexes
  7084 | D:6      | Reached skill level 2 in Air Magic
  7440 | D:7      | Reached skill level 4 in Hexes
  7534 | D:7      | Noticed a komodo dragon
  7543 | D:7      | Killed a komodo dragon
  7544 | D:7      | Reached skill level 7 in Spellcasting
  7544 | D:7      | Reached skill level 5 in Hexes
  7626 | D:7      | Reached XP level 9. HP: 45/45 MP: 15/21
  7952 | D:7      | Reached skill level 7 in Dodging
  7952 | D:7      | Reached skill level 7 in Stealth
  8088 | D:7      | Found a shadowy altar of Dithmenos.
  8220 | D:7      | Reached skill level 6 in Hexes
  8279 | D:7      | Reached skill level 7 in Conjurations
  8827 | D:7      | Found a staircase to the Ecumenical Temple.
  8953 | Temple   | Entered the Ecumenical Temple
  8996 | Temple   | Became a worshipper of Vehumet
  9172 | D:8      | Reached skill level 8 in Spellcasting
  9172 | D:8      | Reached skill level 7 in Hexes
  9326 | D:8      | Found a staircase to the Lair.
  9679 | D:8      | Reached skill level 8 in Stealth
  9703 | D:8      | Reached * piety under Vehumet
  9703 | D:8      | Offered knowledge of Freeze by Vehumet.
  9704 | D:8      | Reached skill level 8 in Hexes
  9706 | D:8      | Learned a level 1 spell: Freeze
  9852 | D:8      | Reached skill level 8 in Dodging
 10025 | D:8      | Reached XP level 10. HP: 50/50 MP: 18/24
 10055 | D:8      | Found an ancient bone altar of Kikubaaqudgha.
 10056 | D:8      | Found a snail-covered altar of Cheibriados.
 10065 | D:8      | Noticed a boulder beetle
 10095 | D:8      | Killed a boulder beetle
 10263 | D:8      | Reached skill level 9 in Hexes
 10326 | D:9      | Noticed a two-headed ogre
 10352 | D:9      | Found a basalt altar of Yredelemnul.
 10352 | D:9      | Found a glowing silver altar of Zin.
 10352 | D:9      | Found a glowing golden altar of the Shining One.
 10640 | D:9      | Killed a two-headed ogre
 10641 | D:9      | Reached skill level 9 in Spellcasting
 10641 | D:9      | Reached skill level 8 in Conjurations
 10944 | D:9      | Found an ornate altar of the Wu Jian Council.
 10944 | D:9      | Found a bloodstained altar of Trog.
 10956 | D:9      | Noticed a manticore
 10967 | D:9      | Killed a manticore
 10968 | D:9      | Reached skill level 9 in Stealth
 11185 | D:9      | Reached skill level 10 in Hexes
 11211 | D:9      | Offered knowledge of Static Discharge by Vehumet.
 11213 | D:9      | Reached ** piety under Vehumet
 11552 | D:10     | Entered Level 10 of the Dungeon
 11552 | D:10     | Noticed Grum
 11737 | D:10     | Found a staircase to the Orcish Mines.
 11792 | D:10     | Reached skill level 9 in Dodging
 11843 | D:10     | Slain by a komodo dragon

Vanquished Creatures
  A boulder beetle (D:8)
  A two-headed ogre (D:9)
  A manticore (D:9)
  A komodo dragon (D:7)
  2 wraiths
  A wyvern (D:7)
  3 wargs (D:8)
  A water moccasin (D:6)
  2 ice beasts
  5 orc warriors
  2 black bears
  A wolf (D:10)
  2 ogres (D:6)
  3 centaurs
  Blork the orc (D:4)
  2 kobold brigands (D:9)
  A gnoll sergeant (D:6)
  6 bullfrogs
  A necrophage (D:7)
  6 wights
  15 killer bees
  A howler monkey (D:6)
  6 orc priests
  2 jellies
  Ijyb (D:4)
  A gnoll bouda (D:6)
  2 iguanas
  10 orc wizards
  9 gnolls (D:6)
  15 adders
  7 river rats
  A shadow imp (D:6)
  An ufetubus (D:6)
  4 worms
  4 dart slugs
  36 orcs
  8 endoplasms
  9 giant cockroaches
  3 goblins
  7 hobgoblins
  5 jackals
  7 quokkas
  15 ball pythons
  15 bats
  5 frilled lizards
  13 kobolds
  8 rats
253 creatures vanquished.

Vanquished Creatures (others)
  10 fulminant prisms
  5 plants
15 creatures vanquished.

Grand Total: 268 creatures vanquished

Table legend: (Time is in decaauts)
 A = Elapsed time spent in this place.
 B = Non-inter-level travel time spent in this place.
 C = Inter-level travel time spent in this place.
 D = Time resting spent in this place.
 E = Time spent auto-exploring this place.
 F = Levels seen in this place.
 G = Mean time per level.
                   A        B        C        D        E       F      G
               +--------+--------+--------+--------+--------+-----+--------+
         Total |  12014 |  11647 |    367 |    968 |   9061 |  12 | 1001.2 |
       Dungeon |  10689 |  10329 |    360 |    853 |   8042 |  10 | 1068.9 |
        Temple |     51 |     44 |      7 |      0 |     36 |   1 |   51.0 |
         Sewer |   1273 |   1273 |      0 |    115 |    983 |   1 | 1273.0 |
               +--------+--------+--------+--------+--------+-----+--------+

Top non-repeatable levels by time:
     D:7: 1584 daAuts
     D:6: 1559 daAuts
     D:8: 1416 daAuts
     D:4: 1348 daAuts
   Sewer: 1273 daAuts
     D:9: 1248 daAuts
     D:1: 1013 daAuts
     D:3: 983 daAuts
     D:5: 890 daAuts
     D:2: 507 daAuts
    D:10: 136 daAuts
  Temple: 51 daAuts

Table legend:
 A = Non-vault XP
 B = Vault XP
 C = Vault XP percentage of total XP
 D = Non-vault monster count
 E = Vault monster count
 F = Vault count percentage of total count
                 A         B        C        D         E       F
            +---------+---------+-------+---------+---------+-------
      Total |    8309 |    1365 |  14.1 |     190 |      63 |  24.9
            +---------+---------+-------+---------+---------+-------
        D:1 |      36 |       0 |   0.0 |      19 |       0 |   0.0
        D:2 |      17 |       0 |   0.0 |      12 |       0 |   0.0
        D:3 |     128 |       0 |   0.0 |      25 |       0 |   0.0
        D:4 |     157 |     155 |  49.7 |      23 |       4 |  14.8
        D:5 |     115 |       0 |   0.0 |       9 |       0 |   0.0
        D:6 |    1364 |      21 |   1.5 |      26 |       4 |  13.3
        D:7 |    1698 |      33 |   1.9 |      22 |       1 |   4.3
        D:8 |    2339 |     553 |  19.1 |      29 |       6 |  17.1
        D:9 |    2455 |       0 |   0.0 |      25 |       0 |   0.0
       D:10 |       0 |     390 | 100.0 |       0 |       8 | 100.0
      Sewer |       0 |     213 | 100.0 |       0 |      40 | 100.0
            +---------+---------+-------+---------+---------+-------
